 Dungeon Crawl Stone Soup version 0.19.0 (webtiles) character file.

6611 Jraekied the Black Sun (level 10, -1/82 HPs)
             Began as a Demonspawn Gladiator on Nov 22, 2016.
             Was a High Priest of Kikubaaqudgha.
             Slain by a yak (9 damage)
             ... on level 1 of the Lair of Beasts.
             The game lasted 00:40:00 (12005 turns).

Jraekied the Black Sun (Demonspawn Gladiator)      Turns: 12005, Time: 00:40:01

Health: -1/82      AC: 11    Str: 16    XL:     10   Next: 71%
Magic:  0/17       EV: 12    Int: 15    God:    Kikubaaqudgha [*****.]
Gold:   646        SH:  0    Dex: 13    Spells: 5 memorised, 2 levels left

rFire  + . .     SeeInvis .     a - +5 flail (crush)
rCold  . . .     Gourm    .     y - +3 leather armour {rF+}
rNeg   . . .     Faith    .     (no shield)
rPois  .         Spirit   +     c - +0 helmet
rElec  .         Reflect  .     (no cloak)
rCorr  +         Harm     .     g - +1 pair of gloves
MR     .....                    (no boots)
Stlth  +.........               (no amulet)
                                D - +2 ring of intelligence
                                H - ring of resist corrosion

@: very slightly contaminated
A: talons 1, rugged brown scales 2, magic shield
a: Receive Corpses, Torment, Renounce Religion


You were on level 1 of the Lair of Beasts.
You worshipped Kikubaaqudgha.
Kikubaaqudgha was extremely pleased with you.
You were very hungry.

You visited 2 branches of the dungeon, and saw 10 of its levels.

You collected 646 gold pieces.

Inventory:

Hand Weapons
 a - a +5 flail of crushing (weapon)
 M - a +2 flail of protection
Missiles
 Q - 6 tomahawks (quivered)
Armour
 c - a +0 helmet (worn)
 g - a +1 pair of gloves (worn)
 y - a +3 leather armour of fire resistance (worn)
Jewellery
 b - an uncursed ring of fire {unknown}
 s - an uncursed ring of ice
 D - a +2 ring of intelligence (right hand)
 H - a ring of resist corrosion (left hand)
Wands
 d - a wand of paralysis (0/24)
 C - a wand of flame (27/48)
 O - a wand of digging (6/24)
Scrolls
 j - a scroll of magic mapping
 o - a scroll of enchant armour
 t - a scroll of fog
 u - 2 scrolls of teleportation
 w - 6 scrolls of identify
 F - 2 scrolls of recharging
 J - 4 scrolls of remove curse
 N - 3 scrolls of enchant weapon
 R - 2 scrolls of torment
Potions
 k - a potion of flight
 L - a potion of curing
Comestibles
 f - 4 bread rations
 i - a slice of pizza
 l - a meat ration
 r - 11 royal jellies


   Skills:
 + Level 7.3 Fighting
 * Level 6.9(7.5) Maces & Flails
   Level 4.3(6.2) Staves
 - Level 1.7 Throwing
 - Level 2.6 Dodging
 - Level 5.0 Spellcasting
 - Level 5.0 Summonings
 + Level 10.2 Necromancy


You had 2 spell levels left.
You knew the following spells:

 Your Spells              Type           Power        Failure   Level  Hunger
a - Pain                  Necr           ####         1%          1    None
b - Call Canine Familiar  Summ           ###.....     10%         3    ###....
c - Control Undead        Necr           ####......   3%          4    ####...
d - Bolt of Draining      Conj/Necr      ###.......   78%         5    ######.
e - Animate Dead          Necr           N/A          3%          4    ####...


Dungeon Overview and Level Annotations

Branches:
Dungeon (9/15)             Temple (0/1) D:4            Lair (1/6) D:9
    Orc: D:9-12

Altars:
Kikubaaqudgha
Nemelex Xobeh
Okawaru
Trog

Annotations:
D:8 chickenpie's ghost, novice DsBe


Innate Abilities, Weirdness & Mutations

You have sharp toenails.
You are mostly covered in rugged brown scales. (AC +2, +5% HP)
When hurt, damage is shared between your health and your magic reserves.


Message History

Blink to where?
Press: ? - help, Dir - move target cursor
As you read the scroll of blinking, it crumbles to dust.
You flicker for a moment.
You flicker back into view.
Found a scroll of fog.
Okay, then.
You feel better. The yak gores you!
* * * LOW HITPOINT WARNING * * *
You thump the yak! Your kick misses the yak.
The yak is severely wounded.
The yak misses you.
Casting: Animate Dead
Confirm with . or Enter, or press ? or * to list all spells.
Aiming: Pain
Press: ? - help, Shift-Dir - straight line, f - yak
Aim: a yak (severely wounded, chance to defeat MR: 84%)
The yak writhes in agony!
The yak gores you!
You die...
Kikubaaqudgha rasps: "You have failed me!
Welcome... death!"

.# #.####(...# #..###..
.# ###.......###..# ##.
.# #..>.....##...# #.
##...#...# ...# #.
##..##...# #..## ##
##....#...# #... ##
#....##...###..## #P
#...###....#....####
#..@Y..Y.l###.......
#....##.###.#..####.#
.....$.######.......Y..#
..⌠...## #..........#
......# #...........
⌠...⌠.# #...........#
..... #............
..⌠.. ##..........#
#.........?#


You could see a komodo dragon and 2 yaks.

Vanquished Creatures
  Pikel (D:8)
  A black mamba (Lair:1)
  A rime drake (Lair:1)
  4 yaks
  A basilisk (Lair:1)
  A hungry ghost (D:8)
  Edmund (D:6)
  A water moccasin (Lair:1)
  Duvessa (D:6)
  3 orc warriors
  A slave (D:8)
  4 sky beasts
  3 ogres
  A black bear (D:9)
  A phantom (D:9)
  An ice beast (D:6)
  3 centaurs
  2 crocodiles
  2 big kobolds (D:7)
  7 bullfrogs
  Dowan (D:6)
  3 scorpions
  A water moccasin skeleton (D:4)
  12 wights
  2 crimson imps
  8 jellies
  3 centaur skeletons
  6 hounds
  3 orc priests
  Crazy Yiuf (D:2)
  3 iguanas
  Natasha (thrice) (D:2)
  9 orc wizards
  7 worker ants
  A killer bee zombie (D:9)
  A worker ant zombie (D:7)
  Robin (D:2)
  5 river rats
  13 adders
  2 shadow imps (D:9)
  7 oozes
  2 adder zombies
  3 adder skeletons
  5 worms
  4 dart slugs
  2 leopard geckos
  45 orcs
  8 giant cockroaches
  10 goblins
  6 hobgoblins
  7 jackals
  5 quokkas
  26 bats
  5 frilled lizards
  A giant cockroach zombie (D:6)
  15 kobolds
  2 leopard gecko zombies (D:6)
  A quokka skeleton (D:7)
  5 rats
284 creatures vanquished.

Vanquished Creatures (others)
  2 slaves (D:8)
  A wight (D:8)
  7 fungi (D:9)
  13 plants
23 creatures vanquished.

Grand Total: 307 creatures vanquished

Notes
Turn   | Place    | Note
-------+----------+-------------------------------------------
     0 | D:1      | Jraekied the Demonspawn Gladiator began the quest for the Orb.
     0 | D:1      | Reached XP level 1. HP: 16/16 MP: 1/1
   225 | D:1      | You fall through a shaft!
   784 | D:1      | Gained mutation: When hurt, damage is shared between your health and your magic reserves. [demonic ancestry]
   784 | D:1      | Reached XP level 2. HP: 22/23 MP: 2/2
  1070 | D:1      | Reached XP level 3. HP: 28/28 MP: 3/3
  1240 | D:2      | Noticed Natasha
  1242 | D:2      | Found a faded altar of an unknown god.
  1251 | D:2      | Killed Natasha
  1255 | D:2      | Became a worshipper of Kikubaaqudgha
  1255 | D:2      | Reached * piety under Kikubaaqudgha
  1255 | D:2      | Identified Kikubaaqudgha's Grimoire of Stolen Souls (Kikubaaqudgha gifted it to you on level 2 of the Dungeon)
  1255 | D:2      | Received a gift from Kikubaaqudgha
  1264 | D:2      | Learned a level 1 spell: Pain
  1355 | D:2      | Noticed Robin
  1372 | D:2      | Killed Robin
  1372 | D:2      | Reached XP level 4. HP: 23/35 MP: 4/4
  1592 | D:2      | Noticed Natasha
  1602 | D:2      | Killed Natasha
  1613 | D:2      | Found a runed door.
  1701 | D:2      | Noticed Natasha
  1711 | D:2      | Killed Natasha
  1711 | D:2      | Gained mutation: You have sharp toenails. [demonic ancestry]
  1711 | D:2      | Reached XP level 5. HP: 38/41 MP: 5/5
  2241 | D:2      | Reached skill level 1 in Necromancy
  2369 | D:2      | Noticed Crazy Yiuf
  2378 | D:2      | Killed Crazy Yiuf
  2789 | D:3      | Reached skill level 2 in Necromancy
  2808 | D:3      | Reached skill level 1 in Spellcasting
  2851 | D:3      | Reached skill level 3 in Necromancy
  2851 | D:3      | Gained mutation: You are partially covered in rugged brown scales. (AC +1, +3% HP) [demonic ancestry]
  2851 | D:3      | Reached XP level 6. HP: 22/48 MP: 7/7
  3111 | D:3      | Reached ** piety under Kikubaaqudgha
  3668 | D:4      | Reached skill level 4 in Necromancy
  4024 | D:4      | Reached XP level 7. HP: 41/53 MP: 7/10
  4088 | D:4      | Found a bloodstained altar of Trog.
  4270 | D:4      | Reached skill level 5 in Necromancy
  4326 | D:4      | Found a staircase to the Ecumenical Temple.
  4627 | D:5      | Entered Level 5 of the Dungeon
  4744 | D:5      | Found an iron altar of Okawaru.
  5002 | D:5      | Learned a level 3 spell: Call Canine Familiar
  5106 | D:6      | Reached skill level 6 in Necromancy
  5131 | D:5      | Learned a level 4 spell: Control Undead
  5390 | D:6      | Reached XP level 8. HP: 6/60 MP: 2/13
  5729 | D:6      | Reached skill level 7 in Necromancy
  5899 | D:6      | Noticed Duvessa
  5975 | D:6      | Noticed Dowan
  5978 | D:6      | Gained mutation: You expend magic power (3 MP) to strengthen your wands. [potion of mutation]
  5978 | D:6      | Gained mutation: You are frail. (-10% HP) [potion of mutation]
  5978 | D:6      | Gained mutation: You are agile. (Dex +2) [potion of mutation]
  5980 | D:6      | Killed Duvessa
  5982 | D:6      | Killed Dowan
  6181 | D:6      | Reached skill level 8 in Necromancy
  6184 | D:6      | Reached *** piety under Kikubaaqudgha
  6184 | D:6      | Identified Kikubaaqudgha's Handbook of Dark Arts (Kikubaaqudgha gifted it to you on level 6 of the Dungeon)
  6184 | D:6      | Received a gift from Kikubaaqudgha
  6586 | D:6      | Found a sparkling altar of Nemelex Xobeh.
  6761 | D:6      | Noticed Edmund
  6776 | D:6      | Paralysed by Edmund for 2 turns
  6793 | D:6      | Lost mutation: You expend magic power (3 MP) to strengthen your wands. [potion of cure mutation]
  6793 | D:6      | Lost mutation: You are frail. (-10% HP) [potion of cure mutation]
  6793 | D:6      | Lost mutation: You are agile. (Dex +2) [potion of cure mutation]
  6807 | D:6      | Paralysed by Edmund for 4 turns
  6815 | D:6      | Killed Edmund
  6815 | D:6      | Reached skill level 5 in Spellcasting
  7218 | D:6      | Reached skill level 1 in Maces & Flails
  7337 | D:7      | Reached XP level 9. HP: 65/67 MP: 16/16
  7385 | D:7      | Learned a level 5 spell: Bolt of Draining
  7438 | D:7      | HP: 3/67 [wight/enchanted halberd (2)]
  7656 | D:7      | Reached skill level 5 in Fighting
  7671 | D:7      | Reached **** piety under Kikubaaqudgha
  8757 | D:7      | Reached skill level 5 in Maces & Flails
  8767 | D:7      | Learned a level 4 spell: Animate Dead
  8896 | D:8      | Reached skill level 9 in Necromancy
  8968 | D:8      | Reached skill level 1 in Summonings
  9070 | D:8      | Noticed Pikel
  9098 | D:8      | Killed Pikel
  9098 | D:8      | Gained mutation: You are mostly covered in rugged brown scales. (AC +2, +5% HP) [demonic ancestry]
  9098 | D:8      | Reached XP level 10. HP: 69/80 MP: 11/17
  9113 | D:8      | Noticed chickenpie's ghost (novice DsBe)
  9861 | D:9      | Reached ***** piety under Kikubaaqudgha
 10114 | D:9      | Found a staircase to the Lair.
 10835 | Lair:1   | Entered Level 1 of the Lair of Beasts
 10853 | Lair:1   | Noticed a seven-headed hydra
 11263 | Lair:1   | Reached skill level 5 in Summonings
 11460 | Lair:1   | Noticed a black mamba
 11468 | Lair:1   | Killed a black mamba
 11482 | Lair:1   | Reached skill level 10 in Necromancy
 11917 | Lair:1   | Noticed a black mamba
 11975 | Lair:1   | HP: 2/82 [yak (12)]
 12005 | Lair:1   | Slain by a yak

Skill      XL: |  1  2  3  4  5  6  7  8  9 10 |
---------------+-------------------------------+-----
Staves         | 3 4 |  4.3
Fighting       | 3 4 6 7 |  7.3
Necromancy     | 3 4 6 8 9 10 | 10.2
Spellcasting   | 1 2 3 5 |  5.0
Maces & Flails | 2 5 6 |  6.9
Summonings     | 2 5 |  5.0
Throwing       | |  1.7
Dodging        | |  2.6

Action                   |  1- 3 |  4- 6 |  7- 9 | 10-12 || total
-------------------------+-------+-------+-------+-------++-------
Melee: Quarterstaff      |   117 |   224 |   170 |       ||   511
       Kick              |       |    38 |   104 |    48 ||   190
       Flail             |       |       |   238 |   257 ||   495
Throw: Throwing net      |     3 |     3 |     3 |     2 ||    11
       Tomahawk          |       |       |       |    10 ||    10
 Cast: Pain              |       |       |    98 |    23 ||   121
       Control Undead    |       |       |     2 |     2 ||     4
       Animate Dead      |       |       |       |     2 ||     2
       Call Canine Famil |       |       |       |     1 ||     1
Evoke: Wand              |       |     1 |     5 |       ||     6
  Use: Potion            |     2 |     1 |     9 |     3 ||    15
       Scroll            |       |     4 |     9 |     8 ||    21
 Stab: Invisible         |       |     1 |     2 |     3 ||     6
       Paralysed         |       |       |     7 |       ||     7
  Eat: Chunk             |     1 |    10 |    12 |     1 ||    24
       Bread ration      |       |       |     1 |     2 ||     3
       Fruit             |       |       |     1 |     1 ||     2
       Pizza             |       |       |       |     1 ||     1
Armor: Scale mail        |    61 |   123 |   102 |       ||   286
       Leather armour    |     5 |       |    99 |   112 ||   216
       Skin              |       |       |       |    30 ||    30
Dodge: Dodged            |    75 |   148 |   280 |   178 ||   681
